 Dungeon Crawl Stone Soup version 0.21-a0-219-g7a3ad04 (webtiles) character file.

588 TroubleDarcy the Chopper (level 7, -1/44 HPs)
             Began as a Gargoyle Berserker on Aug 23, 2017.
             Was a Believer of Trog.
             Slain by a gnoll
             ... wielding a +0 flail
              (6 damage)
             ... on level 4 of the Dungeon.
             The game lasted 00:09:49 (2728 turns).

TroubleDarcy the Chopper (Gargoyle Berserker)       Turns: 2728, Time: 00:09:49

Health: -1/44      AC: 14    Str: 22    XL:     7   Next: 38%
Magic:  7/7        EV:  8    Int:  8    God:    Trog [**....]
Gold:   167        SH:  0    Dex:  9    Spells: 6/6 levels left

rFire    . . .     SeeInvis .   a - +0 hand axe
rCold    . . .     Gourm    .   (no shield)
rNeg     + . .     Faith    .   k - +0 chain mail
rPois    ∞         Spirit   .   (no helmet)
rElec    +         Reflect  .   (no cloak)
rCorr    .         Harm     .   (no gloves)
MR       .....                  (no boots)
Stlth    ..........             (no amulet)
HPRegen  0.14/turn              (no ring)
MPRegen  0.10/turn              (no ring)

@: no status effects
A: negative energy resistance 1, electricity resistance, unbreathing,
petrification resistance, rot immunity, AC +4
a: Berserk, Trog's Hand, Burn Spellbooks, Renounce Religion


You were on level 4 of the Dungeon.
You worshipped Trog.
Trog was pleased with you.
You were not hungry.

You visited 1 branch of the dungeon, and saw 4 of its levels.

You collected 167 gold pieces.

Inventory:

Hand Weapons
 a - a +0 hand axe (weapon)
Armour
 k - a +0 chain mail (worn)
Jewellery
 n - an uncursed ring of resist corrosion {unknown}
 p - a +4 amulet of reflection {unknown}
Wands
 l - a wand of acid (6/15)
Scrolls
 b - 2 scrolls of fear {unknown}
 e - a scroll of enchant weapon {unknown}
 g - 4 scrolls of teleportation {unknown}
 h - a scroll of enchant armour {unknown}
 i - a scroll of identify {unknown}
 s - 2 scrolls of remove curse {unknown}
 t - a scroll of recharging {unknown}
 u - 2 scrolls of immolation {unknown}
Potions
 d - 5 potions of curing {unknown}
 j - a potion of heal wounds {unknown}
 m - 2 potions of haste {unknown}
 r - a potion of lignification {unknown}
Comestibles
 c - 3 bread rations
 f - a meat ration
 o - 2 royal jellies
 q - 5 chunks of flesh


   Skills:
 + Level 5.0 Fighting
 + Level 5.4 Axes
 + Level 4.6 Armour
 + Level 2.2 Dodging
 + Level 1.0 Stealth


You had 6 spell levels left.
You didn't know any spells.

Dungeon Overview and Level Annotations

Branches:
Dungeon (4/15)
 Temple: D:4-7

Altars:
Fedhas
Nemelex Xobeh
Vehumet


Innate Abilities, Weirdness & Mutations

You are resistant to torment.
Your stone body is resilient. (AC +4)
You are immune to poison.
You resist negative energy. (rN+)
You are resistant to electric shocks. (rElec)
You can survive without breathing.
You are immune to petrification.
You are immune to rotting.


Message History

You start resting. 2 gnolls come into view.
The gnoll shouts! x3
The gnoll hits you with a flail!
* * * LOW HITPOINT WARNING * * *
You closely miss the gnoll.
You hear the brisk hiss of a very distant avalanche of sand.
The gnoll barely misses you.
You hit the gnoll but do no damage. The gnoll completely misses you.
You hit the gnoll.
The gnoll is heavily wounded.
The gnoll barely misses you.
You hit the gnoll.
The gnoll is severely wounded.
The gnoll hits you with a flail!
* * * LOW HITPOINT WARNING * * *
You closely miss the gnoll.
The gnoll is severely wounded.
The gnoll hits you with a flail.
You die...

.....##...####
#.......####.. .
..#....#####.###.
.#.....###......
..............###
....##.#####....#
.....)........#.#
.....####.......###
.##..# #.##....@.#
##...# ##.###..##g#
...#.##........##g#
#..#....##.###.##.g
#.###......#
#.####.
........#### #.# ..
..##..[....# #.# .#
..##.#####.....# ..
..##.# ##### .g


You could see 3 gnolls.

Vanquished Creatures
  Sigmund (D:4)
  2 ogres (D:4)
  A scorpion (D:4)
  A howler monkey (D:4)
  A worker ant (D:4)
  3 gnolls (D:2)
  5 adders
  3 oozes
  An adder skeleton (D:3)
  A worm (D:4)
  A dart slug (D:2)
  3 leopard geckos
  7 bats
  4 giant cockroaches
  4 goblins
  7 hobgoblins
  2 jackals (D:2)
  3 ball pythons
  6 frilled lizards
  5 kobolds
  6 rats
67 creatures vanquished.

Vanquished Creatures (others)
  A rat (D:3)
1 creature vanquished.

Grand Total: 68 creatures vanquished

Notes
Turn   | Place    | Note
-------+----------+-------------------------------------------
     0 | D:1      | TroubleDarcy the Gargoyle Berserker began the quest for the Orb.
     0 | D:1      | Reached XP level 1. HP: 14/14 MP: 1/1
   179 | D:1      | Reached XP level 2. HP: 19/19 MP: 2/2
   611 | D:2      | Reached XP level 3. HP: 24/24 MP: 3/3
   761 | D:2      | Reached ** piety under Trog
   764 | D:2      | Reached XP level 4. HP: 18/29 MP: 4/4
  1746 | D:3      | Found a sparkling altar of Nemelex Xobeh.
  1827 | D:3      | Found a radiant altar of Vehumet.
  1929 | D:3      | Reached XP level 5. HP: 32/33 MP: 5/5
  1943 | D:3      | Found a blossoming altar of Fedhas.
  2457 | D:4      | Noticed an ogre
  2467 | D:4      | Killed an ogre
  2467 | D:4      | Reached XP level 6. HP: 39/39 MP: 6/6
  2517 | D:4      | Noticed Sigmund
  2530 | D:4      | Killed Sigmund
  2547 | D:4      | Reached skill level 5 in Axes
  2595 | D:4      | Reached XP level 7. HP: 39/44 MP: 7/7
  2679 | D:4      | Reached skill level 5 in Fighting
  2679 | D:4      | Reached skill level 1 in Stealth
  2728 | D:4      | Slain by a gnoll

Vault maps used:
D:1:      minmay_arrival_three_doors
D:3:      nicolae_overflow_crystal_walls, lemuel_crystal_altar,
          fiery_altar_vehumet, lemuel_flame_loot_1
D:4:      nicolae_ossuary_entry_catacombs, uniq_sigmund

Skill      XL: |  1  2  3  4  5  6  7 |
---------------+----------------------+-----
Axes           | 3 4 5 |  5.4
Fighting       | 4 5 |  5.0
Armour         | 3 4 |  4.6
Dodging        | 2 |  2.2
Stealth        | 1 |  1.0

Action                   |  1- 3 |  4- 6 |  7- 9 || total
-------------------------+-------+-------+-------++-------
Melee: Hand axe          |    93 |   151 |    36 ||   280
Invok: Berserk           |       |     2 |     1 ||     3
 Stab: Sleeping          |     1 |       |       ||     1
  Eat: Chunk             |       |     8 |     1 ||     9
Armor: Ring mail         |    14 |       |       ||    14
       Animal skin       |     1 |       |       ||     1
       Chain mail        |    30 |   108 |    19 ||   157
Dodge: Dodged            |    61 |    68 |    26 ||   155

Table legend:
 A = Spawn XP
 B = Non-spawn XP
 C = Spawn XP percentage of total XP
 D = Spawn monster count
 E = Non-spawn monster count
 F = Spawn count percentage of total count
 G = Total turns spent on level
                    A         B        C        D         E        F      G
               +---------+---------+-------+---------+---------+-------+---------
         Total |     137 |     704 |  16.3 |       8 |      59 |  11.9 |  2728
               +---------+---------+-------+---------+---------+-------+---------
           D:1 |       2 |      30 |   6.2 |       2 |      18 |  10.0 |   607
           D:2 |       0 |      82 |   0.0 |       0 |      17 |   0.0 |   870
           D:3 |       5 |      79 |   6.0 |       3 |      17 |  15.0 |   980
           D:4 |     130 |     513 |  20.2 |       3 |       7 |  30.0 |   271
               +---------+---------+-------+---------+---------+-------+---------
